 Dungeon Crawl Stone Soup version 0.31-a0-819-gf6de2f5ab6 (webtiles) character file.

Game seed: 6231889205975988983

30 qw the Shooter (level 3, 0/21 HPs)
             Began as a Gargoyle Hunter on Sept 23, 2023.
             Slain by Terence
             ... wielding a +0 flail
              (7 damage)
             ... on level 2 of the Dungeon.
             The game lasted 00:00:23 (1054 turns).

qw the Shooter (Gargoyle Hunter)                    Turns: 1054, Time: 00:00:23

Health: 0/21       AC:  4    Str: 14    XL:     3   Next: 18%
Magic:  3/3        EV: 11    Int:  9    God:
Gold:   90         SH:  0    Dex: 15    Spells: 2/2 levels left

rFire   + . .        Y - +0 shortbow
rCold   . . .        (shield currently unavailable)
rNeg    + . .        c - +0 leather armour
rPois   inf          (no helmet)
rElec   +            (no cloak)
rCorr   .            (no gloves)
SInv    .            (no boots)
Will    .....        (no amulet)
Stlth   ++           f - ring of protection from fire
HPRegen 0.23/turn    (no ring)
MPRegen 0.08/turn

%: no passive effects
@: no status effects
A: sickness immunity, AC +3, negative energy resistance 1, electricity
resistance, torment resistance 1, petrification resistance, deformed body,
MP-powered wands
a: no special abilities


You were on level 2 of the Dungeon.
You visited 1 branch of the dungeon, and saw 2 of its levels.

You collected 126 gold pieces.
You spent 36 gold pieces at shops.


Innate Abilities, Weirdness & Mutations

You are immune to sickness and miasma.
Your stone body is resilient. (AC +3)
You are immune to poison.
You resist negative energy. (rN+)
You are resistant to electric shocks. (rElec)
You are resistant to unholy torment.
You are immune to petrification.
Armour fits poorly on your strangely shaped body.
You expend magic power (3 MP) to strengthen your wands.


   Skills:
 + Level 2.3 Fighting
 - Level 5.0 Ranged Weapons
 - Level 1.5 Dodging
 - Level 1.1 Stealth


You had 2 spell levels left.
You didn't know any spells.
Your spell library was empty.

Inventory:

Hand Weapons
 Y - a +0 shortbow (weapon)
Armour
 c - a +0 leather armour (worn)
Jewellery
 f - a ring of protection from fire (left hand)
Scrolls
 a - a scroll of poison {unknown}
Potions
 d - a potion of lignification {unknown}
 h - 2 potions of mutation
 i - a potion of heal wounds {unknown}
 j - a potion of attraction {unknown}
 k - a potion of brilliance {unknown}
 l - a potion of might

Dungeon Overview and Level Annotations

Branches:
Dungeon (2/15)

Altars:

Shops:
D:1 *

Annotations:
D:2 Terence


Message History

The kobold misses you.
You shoot an arrow. The arrow barely misses the kobold.
The kobold closely misses you. x2
You shoot an arrow.
The arrow hits the kobold but does no damage.
The kobold hits you but does no damage.
You shoot an arrow.
The arrow hits the kobold but does no damage.
The kobold completely misses you.
You shoot an arrow. The arrow hits the kobold!
You kill the kobold!
You start resting.
HP restored.
a - a scroll labelled BEUXEDD HUTSED
Things that are here:
a +0 dagger; 2 stones; a kobold corpse
There is an escape hatch in the ceiling here.
You now have 90 gold pieces (gained 11).
Terence the Incautious comes into view.
He is wielding a +0 flail.
You shoot an arrow. The arrow hits Terence.
Terence shouts!
Terence is lightly wounded.
You shoot an arrow. The arrow hits Terence.
Terence is moderately wounded.
You shoot an arrow. The arrow barely misses Terence.
You shoot an arrow.
The arrow hits Terence but does no damage.
Terence is moderately wounded.
You shoot an arrow. The arrow barely misses Terence.
Terence hits you with a +0 flail!
You shoot an arrow.
The arrow hits Terence but does no damage.
Terence is moderately wounded.
Terence hits you but does no damage.
You shoot an arrow. The arrow closely misses Terence.
Terence misses you.
You shoot an arrow. The arrow hits Terence!
Terence is severely wounded.
Terence hits you with a +0 flail. Terence hits you with a +0 flail!
You die...

# #.. #..
#.################..####
#........##.............
#.@................
#...@#.##.######......
.......#.##.# #........
.......#..#.# #.#..#...
.......##.#.# #.#.)##.#
....... .#.# #.#..##.#
....... .#.# #.#..#...
....... #.#.####.#..#..#
#.#............#


You could see Terence.

Vanquished Creatures
  A bat (D:1)
  3 endoplasms (D:1)
  4 giant cockroaches (D:1)
  2 hobgoblins (D:1)
  4 jackals (D:1)
  A quokka (D:1)
  2 ball pythons (D:1)
  A frilled lizard (D:1)
  3 goblins
  3 kobolds
  A rat (D:1)
25 creatures vanquished.

Notes
Turn   | Place    | Note
-------+----------+-------------------------------------------
     0 | D:1      | qw the Gargoyle Hunter began the quest for the Orb.
     0 | D:1      | Reached XP level 1. HP: 12/12 MP: 1/1
     0 | D:1      | 0 ||| qw: Version: 0.3-a-83-gcd0e7d8
     0 | D:1      | 0 ||| qw: Game counter: 1722
     0 | D:1      | 0 ||| qw: Melee chars always use a shield: true
     0 | D:1      | 0 ||| qw: God list: Okawaru
     0 | D:1      | 0 ||| qw: Allow faded altars: false
     0 | D:1      | 0 ||| qw: Do Orc after clearing Dungeon:15 true
     0 | D:1      | 0 ||| qw: Do second Lair branch before Depths: true
     0 | D:1      | 0 ||| qw: Lair rune preference: random
     0 | D:1      | 0 ||| qw: Goals: Normal
     0 | D:1      | 0 ||| PLANNING D:1-11
   294 | D:1      | Found Iddilynn's Assorted Antiques.
   298 | D:1      | Reached XP level 2. HP: 17/17 MP: 2/2
   308 | D:1      | 308 ||| BUYING bubbling dark potion (18 gold).
   308 | D:1      | Bought a bubbling dark potion for 18 gold pieces
   308 | D:1      | 308 ||| BUYING emerald potion (18 gold).
   308 | D:1      | Bought an emerald potion for 18 gold pieces
   308 | D:1      | 308 ||| SHOPLISTING scroll labelled EWNICKIMMU (20 gold,
                  | have 18).
   308 | D:1      | 308 ||| SHOPLISTING scroll labelled FAROFRE NUREG (20 gold,
                  | have 18).
   308 | D:1      | 308 ||| SHOPLISTING scroll labelled RIEB IFE LEH (20 gold,
                  | have 18).
   549 | D:1      | Reached XP level 3. HP: 21/21 MP: 3/3
   885 | D:1      | 885 ||| UPGRADING to ring of protection from fire.
   886 | D:1      | 886 ||| READING scroll labelled UNAZAG EJUODUR.
   887 | D:1      | 887 ||| READING scroll labelled XIN KEIFOCALEM.
   888 | D:1      | 888 ||| DRINKING 3 white potions.
   888 | D:1      | Gained mutation: Your mind is acute. (Int +4, Str/Dex -1)
                  | [potion of mutation]
   888 | D:1      | Gained mutation: Armour fits poorly on your strangely
                  | shaped body. [potion of mutation]
   888 | D:1      | Lost mutation: Your mind is acute. (Int +4, Str/Dex -1)
                  | [potion of mutation]
   888 | D:1      | Gained mutation: You expend magic power (3 MP) to
                  | strengthen your wands. [potion of mutation]
   889 | D:1      | 889 ||| DRINKING 2 puce potions.
   890 | D:1      | 890 ||| DROPPING scroll of butterflies.
   967 | D:2      | Reached skill level 5 in Ranged Weapons
  1046 | D:2      | Noticed Terence
  1054 | D:2      | Slain by Terence

Levels and vault maps discovered:
D:1:      lemuel_arrival_funnel, layout_basic, serial_shops, shop,
          minmay_pentomino_z2
D:2:      layout_loops_ring, uniq_terence

Skill      XL: |  1  2  3 |
---------------+----------+-----
Ranged Weapons | 5 |  5.0
Fighting       | |  2.3
Dodging        | |  1.5
Stealth        | |  1.1

Action                     || total
---------------------------++-------
   Fire: Shortbow          ||    98
    Use: Scroll            ||     2
         Potion            ||     2
 Armour: Leather armour    ||    37
  Dodge: Dodged            ||    52

Table legend:
 A = Non-vault XP
 B = Vault XP
 C = Vault XP percentage of total XP
 D = Non-vault monster count
 E = Vault monster count
 F = Vault count percentage of total count
                 A         B        C        D         E       F
            +---------+---------+-------+---------+---------+-------
      Total |      40 |       3 |   7.0 |      23 |       2 |   8.0
            +---------+---------+-------+---------+---------+-------
        D:1 |      34 |       3 |   8.1 |      20 |       2 |   9.1
        D:2 |       6 |       0 |   0.0 |       3 |       0 |   0.0
            +---------+---------+-------+---------+---------+-------
